 Dungeon Crawl Stone Soup version 0.20-b1 (webtiles) character file.

32497 Ijustatesigmund the Commander (level 13, 0/165 HPs)
             Began as a Pale Draconian Conjurer on May 18, 2017.
             Was a High Priest of Okawaru.
             Succumbed to Nessos's poison
             ... on level 3 of the Lair of Beasts on May 19, 2017.
             The game lasted 01:15:32 (21224 turns).

Ijustatesigmund the Commander (DrCj)               Turns: 21224, Time: 01:15:33

Health: 0/165      AC: 26    Str: 12      XL:     13   Next: 31%
Magic:  22/25      EV:  2    Int: 22      God:    Okawaru [*****.]
Gold:   1008       SH:  0    Dex: 18 (19) Spells: 15/28 levels left

rFire    . . .     SeeInvis .   R - +8 whip "Snakebite" {curare, rPois}
rCold    . . .     Gourm    .   (no shield)
rNeg     + + +     Faith    .   (armour unavailable)
rPois    +         Spirit   .   (helmet currently unavailable)
rElec    .         Reflect  .   (cloak currently unavailable)
rCorr    .         Harm     .   (gloves currently unavailable)
MR       +....     NoTele   +   (boots currently unavailable)
Stlth    +++.......             e - amulet of rage
Regen    0.4/turn               m - ring of protection from magic
MPRegen  0.2/turn               v - +4 ring of slaying

@: brilliant, agile, lethally poisoned (0 -> -7), tree-form
A: (breathe steam), unfitting armour, deterioration 1, AC +8
a: Heroism, Finesse, Renounce Religion, Evoke Berserk Rage


You were on level 3 of the Lair of Beasts.
You worshipped Okawaru.
Okawaru was extremely pleased with you.
You were hungry.
You were a tree.
You visited 2 branches of the dungeon, and saw 15 of its levels.

You collected 1008 gold pieces.

Inventory:

Hand Weapons
 j - a +1 flail of freezing
 B - a +0 great mace of protection
 I - the +11 fustibalus "Efahab" {freeze, MR+}
   (Okawaru gifted it to you on level 6 of the Dungeon)

   It causes projectiles fired from it to freeze those they strike, causing
   extra injury to most foes and up to half again as much damage against
   particularly susceptible opponents.
   They can also slow down cold-blooded creatures.
   It affects your resistance to hostile enchantments.
 R - the +8 whip "Snakebite" (weapon) {curare, rPois}
   (You found it on level 3 of the Lair of Beasts)

   It poisons the flesh of those it strikes.
   It protects you from poison.
Missiles
 p - 14 tomahawks
 y - 5 poisoned javelins (quivered)
 L - 70 sling bullets
 P - 117 stones
Armour
 q - the +0 hat of Fortification {rElec Dex+4}
   (You acquired it on level 11 of the Dungeon)

   It affects your dexterity (+4).
   It insulates you from electricity.
 s - a +2 hat (melded)
 w - a +2 cloak (melded)
Jewellery
 e - an amulet of rage (around neck)
 m - a ring of protection from magic (left branch)
 u - an uncursed ring of protection from cold
 v - a +4 ring of slaying (right branch)
 U - an uncursed amulet of faith {unknown}
Wands
 o - a wand of lightning (2/15)
 A - a wand of iceblast (6/15)
 D - a wand of iceblast (12/15)
 K - a wand of polymorph (8/24)
 Q - a wand of acid (5/15)
 T - a wand of random effects (7/48)
 X - a wand of disintegration (15/24)
Scrolls
 c - 5 scrolls of remove curse
 f - a scroll of recharging
 l - 4 scrolls of teleportation
 n - a scroll of magic mapping
 t - a scroll of immolation
 J - 2 scrolls of amnesia
 M - a scroll of enchant weapon
 N - 2 scrolls of blinking
 O - a scroll of brand weapon
 S - a scroll of fog
 V - a scroll of vulnerability {unknown}
Potions
 g - a potion of magic
 i - 5 potions of lignification
 r - a potion of ambrosia {unknown}
 x - a potion of cancellation
 z - a potion of brilliance
 C - a potion of invisibility
 G - a potion of resistance {unknown}
Books
 a - a book of Conjurations

   Spells                             Type                      Level
   a - Magic Dart                     Conjuration                  1
   b - Searing Ray                    Conjuration                  2
   c - Dazzling Spray                 Conjuration/Hexes            3
   d - Fulminant Prism                Conjuration/Hexes            4
   e - Force Lance                    Conjuration/Translocation    4
   f - Iskenderun's Mystic Blast      Conjuration                  4
 E - a book of Frost

   Spells                             Type                      Level
   a - Freeze                         Ice                          1
   b - Throw Frost                    Conjuration/Ice              2
   c - Ozocubu's Armour               Charms/Ice                   3
   d - Throw Icicle                   Conjuration/Ice              4
   e - Summon Ice Beast               Ice/Summoning                4
 H - a book of Changes

   Spells                             Type                      Level
   a - Beastly Appendage              Transmutation                1
   b - Sticks to Snakes               Transmutation                2
   c - Spider Form                    Transmutation/Poison         3
   d - Ice Form                       Ice/Transmutation            4
   e - Blade Hands                    Transmutation                5
Miscellaneous
 W - a box of beasts
Comestibles
 b - 10 bread rations
 d - 2 fruits
 h - 8 meat rations
 k - 6 royal jellies


   Skills:
 + Level 8.8 Fighting
 - Level 7.4 Maces & Flails
 - Level 9.6(9.7) Slings
 - Level 1.2(6.2) Throwing
 - Level 3.0 Dodging
 - Level 1.7 Stealth
 + Level 8.3 Spellcasting
 - Level 5.5 Conjurations
 - Level 2.9 Hexes
 + Level 3.2 Charms
 + Level 3.6 Ice Magic
 + Level 10.6 Invocations
 - Level 9.0 Evocations


You had 15 spell levels left.
You knew the following spells:

 Your Spells              Type           Power        Failure   Level  Hunger
a - Magic Dart            Conj           ####         1%          1    None
b - Searing Ray           Conj           #####.       1%          2    None
c - Dazzling Spray        Conj/Hex       #####.       1%          3    None
d - Iskenderun's Mystic   Conj           #####...     1%          4    ###....
e - Ozocubu's Armour      Chrm/Ice       #####...     1%          3    None


Dungeon Overview and Level Annotations

Branches:
Dungeon (11/15)            Temple (0/1) D:5            Lair (4/6) D:8
  Swamp (0/4) Lair:3       Spider (0/4) Lair:3          Orc (0/2) D:9

Altars:
Ashenzari
Cheibriados
Elyvilon
Gozag
Kikubaaqudgha
Makhleb
Okawaru
Ru
Trog
Uskayaw
Xom
Yredelemnul

Shops:
D:7 (

Annotations:
Lair:4 Nessos


Innate Abilities, Weirdness & Mutations

((You can breathe blasts of scalding, opaque steam.))
((Your pale cyan-grey scales are hard. (AC +8)))
You cannot fit into any form of body armour.
((You are cold-blooded and may be slowed by cold attacks.))
((Your large and strong wings let you fly indefinitely.))
((You have sharp fingernails.))
((Your flesh is cold resistant. (rC+)))
Your body sometimes deteriorates upon taking damage.


Message History

The hippogriff bites you but does no damage.
The hippogriff pecks you but does no damage.
The hippogriff claws you but does no damage.
You hit the blink frog.
The blink frog looks as sick as possible!
The blink frog is almost dead.
* * * LOW HITPOINT WARNING * * *
You feel sick.
It was a potion of brilliance.
You feel clever all of a sudden.
* * * LOW HITPOINT WARNING * * *
You feel sick.
You kill the blink frog!
Okawaru accepts your kill.
The hippogriff bites you but does no damage.
The hippogriff pecks you but does no damage.
The hippogriff claws you but does no damage.
It was a potion of agility.
You feel agile all of a sudden.
You die...

....P.P.## #........#
.........#
##........#
).P.....##
#........## .......##
##.......# ##....##
#.......# #.###.#
#.......# ### ###
#.......# #.......#
#♣......# #H......#
#.......# #.......##
#........# #.......##
####.#### ######
###....###
##)...######...#.#..#


You could see a hippogriff.

Vanquished Creatures
  Gastronok (D:11)
  The ghost of zhorgal the Severer, a journeyman HOFi of Makhleb (Lair:1)
  Erolcha (D:11)
  A two-headed ogre (D:11)
  A queen ant (Lair:3)
  Nergalle (D:11)
  3 skeletal warriors (D:11)
  2 unseen horrors
  An orb spider (Lair:3)
  An ugly thing (D:11)
  7 black mambas
  4 spiny frogs
  A gargoyle (D:10)
  2 rime drakes
  2 komodo dragons (Lair:1)
  The ghost of Agonnis the Magician, a novice KoFE of Sif Muna (D:6)
  A troll (D:11)
  A polar bear (Lair:3)
  Prince Ribbit (D:6)
  11 blink frogs (Lair:3)
  7 hippogriffs
  7 yaks (D:11)
  A wyvern (D:9)
  Eustachio (D:5)
  4 hogs (D:8)
  A human (D:8)
  6 vampire mosquitoes (Lair:3)
  4 basilisks
  A hungry ghost (D:10)
  5 soldier ants (Lair:3)
  12 porcupines
  9 water moccasins
  4 ice beasts
  7 sky beasts
  5 orc warriors
  6 black bears
  A necrophage (D:8)
  An eye of draining (D:10)
  3 phantoms
  19 wolves
  9 ogres
  11 centaurs
  4 crocodiles
  2 big kobolds (D:11)
  6 bullfrogs
  A water moccasin zombie (D:9)
  4 scorpions
  2 electric eels (Lair:2)
  5 wights (D:11)
  7 crimson imps
  5 jellies
  A quasit (D:10)
  5 hounds
  2 centaur skeletons
  6 orc priests
  5 iguanas
  16 orc wizards
  16 worker ants
  2 hound skeletons
  2 worker ant zombies
  6 gnolls
  14 adders
  An adder zombie (D:5)
  2 adder skeletons
  8 worms
  A dart slug (D:4)
  8 leopard geckos
  49 orcs
  2 ball pythons
  5 bats
  7 giant cockroaches
  7 goblins
  8 hobgoblins
  8 quokkas
  6 frilled lizards
  A giant cockroach zombie (D:5)
  A jackal skeleton (D:4)
  18 kobolds
  A quokka skeleton (D:8)
  A quokka zombie (D:6)
  6 rats
  3 plants
422 creatures vanquished.

Vanquished Creatures (others)
  2 fungi
  9 plants
11 creatures vanquished.

Grand Total: 433 creatures vanquished

Notes
Turn   | Place    | Note
-------+----------+-------------------------------------------
     0 | D:1      | Ijustatesigmund the Draconian Conjurer began the quest for the Orb.
     0 | D:1      | Reached XP level 1. HP: 14/14 MP: 3/3
   164 | D:1      | Reached skill level 1 in Fighting
   238 | D:1      | Reached XP level 2. HP: 23/23 MP: 3/5
   260 | D:1      | Learned a level 2 spell: Searing Ray
   945 | D:2      | Reached XP level 3. HP: 17/29 MP: 0/6
  1084 | D:2      | Learned a level 3 spell: Dazzling Spray
  1465 | D:2      | Found an iron altar of Okawaru.
  1469 | D:2      | Found an ornate altar of the Wu Jian Council.
  1470 | D:2      | Found an ancient bone altar of Kikubaaqudgha.
  1910 | D:2      | Found a white marble altar of Elyvilon.
  2163 | D:3      | Reached XP level 4. HP: 36/36 MP: 4/8
  2252 | D:2      | Became a worshipper of Warmaster Okawaru
  2368 | D:3      | Reached skill level 1 in Hexes
  2379 | D:3      | Reached skill level 1 in Invocations
  2384 | D:3      | Reached XP level 5. HP: 24/41 MP: 2/9
  2820 | D:3      | Found an opulent altar of Gozag.
  2941 | D:4      | Noticed a phantom
  2943 | D:4      | Reached skill level 5 in Conjurations
  2947 | D:4      | Reached skill level 2 in Invocations
  2947 | D:4      | Reached XP level 6. HP: 48/48 MP: 0/11
  3204 | D:4      | Found a hide-covered altar of Uskayaw.
  3326 | D:4      | Learned a level 4 spell: Iskenderun's Mystic Blast
  3375 | D:4      | Reached * piety under Okawaru
  3513 | D:4      | Gained mutation: Your body sometimes deteriorates upon taking damage. [potion of mutation]
  3513 | D:4      | Gained mutation: Your flesh is cold resistant. (rC+) [potion of mutation]
  3513 | D:4      | Gained mutation: Your large and strong wings let you fly indefinitely. [potion of mutation]
  4202 | D:4      | Your scales start taking on a pale cyan-grey colour.
  4202 | D:4      | Reached XP level 7. HP: 51/55 MP: 4/13
  4282 | D:4      | Reached skill level 3 in Invocations
  4285 | D:4      | Reached skill level 1 in Evocations
  4496 | D:5      | Entered Level 5 of the Dungeon
  4496 | D:5      | Found a staircase to the Ecumenical Temple.
  4496 | D:5      | Noticed Eustachio
  4504 | D:5      | Killed Eustachio
  4542 | D:5      | Reached skill level 4 in Invocations
  4648 | D:5      | Reached ** piety under Okawaru
  4648 | D:5      | Reached skill level 1 in Maces & Flails
  4736 | D:5      | Reached XP level 8. HP: 62/62 MP: 4/14
  4829 | D:5      | Found a snail-covered altar of Cheibriados.
  4935 | D:5      | Found a bloodstained altar of Trog.
  5189 | D:5      | Reached skill level 5 in Invocations
  5672 | D:6      | Noticed Prince Ribbit
  5953 | D:6      | Found a shattered altar of Ashenzari.
  5955 | D:6      | Found a basalt altar of Yredelemnul.
  6236 | D:6      | Found a shimmering altar of Xom.
  6402 | D:6      | Noticed Agonnis's ghost (novice KoFE)
  6415 | D:6      | HP: 2/94 [Agonnis's ghost (20)]
  7093 | D:7      | Found Xuhof's Weapon Boutique.
  7440 | D:7      | Reached skill level 6 in Invocations
  7880 | D:7      | Found a sacrificial altar of Ru.
  8100 | D:7      | Reached XP level 9. HP: 73/73 MP: 13/15
  8182 | D:7      | Reached skill level 5 in Evocations
  8569 | D:8      | Reached *** piety under Okawaru
  9465 | D:8      | Found a staircase to the Lair.
  9755 | D:8      | Reached skill level 1 in Throwing
  9847 | D:8      | Reached skill level 7 in Invocations
  9874 | D:8      | Reached **** piety under Okawaru
  9874 | D:8      | Received a gift from Okawaru
 10215 | D:8      | Reached XP level 10. HP: 80/80 MP: 10/16
 10269 | D:8      | Reached skill level 5 in Fighting
 10742 | D:8      | Reached skill level 8 in Invocations
 10745 | D:8      | Reached skill level 5 in Maces & Flails
 11241 | D:9      | Found a hide-covered altar of Uskayaw.
 11276 | D:9      | Reached ***** piety under Okawaru
 11375 | D:9      | Found a burning altar of Makhleb.
 11937 | D:9      | Found a staircase to the Orcish Mines.
 12316 | D:6      | HP: 4/124 [orc warrior/halberd (24)]
 12741 | D:6      | Killed Agonnis's ghost
 12945 | D:6      | Killed Prince Ribbit
 12945 | D:6      | Received a gift from Okawaru
 12945 | D:6      | Reached skill level 5 in Spellcasting
 12948 | D:6      | Got a faintly glowing fustibalus {god gift}
 12949 | D:6      | Identified the +11 fustibalus "Efahab" {freeze, MR+} (Okawaru gifted it to you on level 6 of the Dungeon)
 14020 | D:10     | Entered Level 10 of the Dungeon
 14097 | D:10     | HP: 4/83 [something (9)]
 14098 | D:10     | Killed an unseen horror
 14098 | D:10     | Reached XP level 11. HP: 4/89 MP: 16/19
 14866 | D:10     | Reached skill level 1 in Slings
 15346 | D:11     | Noticed Erolcha
 15354 | D:11     | Killed Erolcha
 15558 | D:11     | Noticed a skeletal warrior
 15585 | D:11     | Reached skill level 5 in Slings
 15590 | D:11     | Noticed a skeletal warrior
 15597 | D:11     | Noticed a skeletal warrior
 15621 | D:11     | Killed a skeletal warrior
 15621 | D:11     | Received a gift from Okawaru
 15624 | D:11     | Got a bloodstained hat {god gift}
 15632 | D:11     | Killed a skeletal warrior
 15638 | D:11     | Identified the -5 hat "Axkakh" {*Contam Int+4} (Okawaru gifted it to you on level 11 of the Dungeon)
 15663 | D:11     | Killed a skeletal warrior
 15692 | D:11     | Gained mutation: You have sharp fingernails. [mutagenic glow]
 15926 | D:11     | Noticed a two-headed ogre
 15931 | D:11     | Killed a two-headed ogre
 15968 | D:11     | Killed an unseen horror
 16177 | D:11     | Identified a scroll of acquirement
 16180 | D:11     | Got a smoking hat
 16186 | D:11     | Identified the +0 hat of Fortification {rElec Dex+4} (You acquired it on level 11 of the Dungeon)
 16391 | D:11     | Noticed a white ugly thing
 16397 | D:11     | Killed a white ugly thing
 16476 | D:11     | Noticed a green ugly thing
 16631 | D:11     | Noticed Gastronok
 16640 | D:11     | Reached XP level 12. HP: 96/96 MP: 18/21
 16647 | D:11     | Killed Gastronok
 16743 | D:11     | Noticed Nergalle
 16750 | D:11     | Killed Nergalle
 17101 | Lair:1   | Entered Level 1 of the Lair of Beasts
 17166 | Lair:1   | Reached skill level 9 in Invocations
 17197 | Lair:1   | Received a gift from Okawaru
 17298 | Lair:1   | Noticed zhorgal's ghost (journeyman HOFi)
 17398 | Lair:1   | Killed zhorgal's ghost
 17398 | Lair:1   | Received a gift from Okawaru
 17930 | Lair:1   | Received a gift from Okawaru
 17989 | Lair:2   | Upgraded the game from 0.20-a0-1127-g1289703 to 0.20-b1
 18926 | Lair:2   | Learned a level 3 spell: Ozocubu's Armour
 19073 | Lair:3   | Reached skill level 10 in Invocations
 19139 | Lair:3   | Reached skill level 1 in Ice Magic
 19141 | Lair:3   | Received a gift from Okawaru
 19145 | Lair:3   | Reached skill level 1 in Charms
 19146 | Lair:3   | Got a scorched buckler {god gift}
 19188 | Lair:3   | Reached ****** piety under Okawaru
 19205 | Lair:3   | HP: 5/102 [poisoned by a water moccasin]
 19208 | Lair:3   | HP: 2/102 [poisoned by a water moccasin]
 19497 | Lair:3   | Identified the +0 buckler of Refuge {rElec rCorr Str-4} (Okawaru gifted it to you on level 3 of the Lair of Beasts)
 19710 | Lair:3   | Reached XP level 13. HP: 107/107 MP: 24/24
 19774 | Lair:3   | Found a hole to the Spider Nest.
 20120 | Lair:3   | Found a staircase to the Swamp.
 21206 | Lair:4   | Noticed Nessos
 21218 | Lair:3   | HP: 4/110 [hippogriff (4)]
 21222 | Lair:3   | HP: 1/165 [poisoned by Nessos]
 21224 | Lair:3   | Succumbed to Nessos's poison

Skill      XL: |  1  2  3  4  5  6  7  8  9 10 11 12 13 |
---------------+----------------------------------------+-----
Fighting       | 1 2 4 6 8 |  8.8
Hexes          | 1 2 |  2.9
Spellcasting   | 3 4 5 6 7 8 |  8.3
Invocations    | 1 2 4 6 7 8 10 | 10.6
Conjurations   | 5 |  5.5
Evocations     | 3 4 9 |  9.0
Maces & Flails | 1 4 7 |  7.4
Throwing       | 1 |  1.2
Dodging        | 3 |  3.0
Slings         | 8 9 |  9.6
Ice Magic      | 2 3 |  3.6
Charms         | 2 3 |  3.2
Stealth        | |  1.7

Action                   |  1- 3 |  4- 6 |  7- 9 | 10-12 | 13-15 || total
-------------------------+-------+-------+-------+-------+-------++-------
Melee: Unarmed           |    27 |       |       |       |       ||    27
       Tailslap          |     8 |     9 |    32 |    24 |       ||    73
       Whip              |    50 |    16 |       |       |    10 ||    76
       Flail             |       |    30 |   234 |    24 |       ||   288
       Great mace        |       |       |       |   206 |       ||   206
 Fire: Fustibalus        |       |       |       |   366 |   119 ||   485
Throw: Tomahawk          |       |       |     4 |     6 |       ||    10
       Javelin           |       |       |       |     4 |     1 ||     5
 Cast: Magic Dart        |    90 |   131 |   165 |   138 |       ||   524
       Searing Ray       |       |       |     8 |     6 |       ||    14
       Dazzling Spray    |       |       |     7 |     4 |     1 ||    12
       Ozocubu's Armour  |       |       |       |     1 |       ||     1
       Iskenderun's Myst |       |       |       |       |     1 ||     1
Invok: Heroism           |       |       |     3 |     9 |       ||    12
 Abil: Evoke Berserk Rag |       |     1 |    11 |     2 |       ||    14
       Breathe Steam     |       |       |    15 |    19 |       ||    34
Evoke: Wand              |       |       |     2 |     1 |       ||     3
  Use: Scroll            |    11 |     2 |    11 |     9 |     1 ||    34
       Potion            |       |     2 |     3 |     7 |     5 ||    17
 Stab: Sleeping          |     2 |     1 |     2 |     1 |       ||     6
       Distracted        |       |       |       |     2 |       ||     2
  Eat: Chunk             |     4 |     8 |    24 |    23 |     4 ||    63
       Royal jelly       |       |       |     2 |     5 |       ||     7
       Bread ration      |       |       |     1 |       |       ||     1
       Fruit             |       |       |       |     2 |       ||     2
Armor: Skin              |    19 |    21 |   130 |   178 |    26 ||   374
Dodge: Dodged            |    41 |    46 |   200 |   313 |    24 ||   624
